 Dungeon Crawl Stone Soup version 0.30.1-11-g7821555f0a (webtiles) character file.

Game seed: 17048223651115949773

145 pkoi the Charlatan (level 5, -1/40 HPs)
             Began as a Draconian Artificer on Nov 20, 2023.
             Was an Initiate of Gozag.
             Slain by Natasha (4 damage)
             ... on level 2 of the Dungeon.
             The game lasted 00:02:35 (2124 turns).

pkoi the Charlatan (Draconian Artificer)            Turns: 2124, Time: 00:02:35

Health: -1/40      AC:  5    Str: 18    XL:     5   Next: 6%
Magic:  5/5        EV: 12    Int: 10    God:    Gozag
Gold:   179        SH:  0    Dex: 11    Spells: 4/4 levels left

rFire   . . .        f - +0 whip (freeze)
rCold   . . .        (no shield)
rNeg    . . .        (body armour unavailable)
rPois   .            (helmet restricted)
rElec   .            (no cloak)
rCorr   .            (no gloves)
SInv    .            (no boots)
Will    .....        (no amulet)
Stlth   +            (no ring)
HPRegen 0.26/turn    (no ring)
MPRegen 0.09/turn

%: no passive effects
@: slowed, very slow
A: AC +5, unfitting armour, cold-blooded, dopey 1, strong 1
a: Renounce Religion, Potion Petition, Call Merchant, Bribe Branch


You were on level 2 of the Dungeon.
You worshipped Gozag.
Gozag was aware of your devotion.
You visited 1 branch of the dungeon, and saw 2 of its levels.

You collected 207 gold pieces.
You paid 28 gold pieces to Gozag.

Inventory:

Hand Weapons
 a - a +0 club
 f - a +0 whip of freezing (weapon)
Wands
 b - a wand of flame (15) (quivered)
 c - a wand of charming (15)
 d - a wand of iceblast (4)
 e - a wand of roots (8)
Scrolls
 i - 3 scrolls of vulnerability
Potions
 g - a potion of flight {unknown}
 h - a potion of curing


   Skills:
 - Level 1.1 Fighting
 - Level 2.1 Dodging
 - Level 0.8 Stealth
 * Level 3.8 Unarmed Combat
 + Level 4.1 Evocations


You had 4 spell levels left.
You didn't know any spells.
Your spell library contained the following spells:

 Spells                   Type           Power      Damage    Failure   Level
 Apportation              Tloc           0%         N/A       36%         1
 Alistair's Intoxication  Tmut/Pois      0%         N/A       100%        5


Dungeon Overview and Level Annotations

Branches:
Dungeon (2/15)

Altars:
Gozag

Annotations:
D:2 Natasha


Innate Abilities, Weirdness & Mutations

Your plain brown scales are hard. (AC +5)
You cannot fit into any form of body armour.
You are cold-blooded and may be slowed by cold attacks.
You are dopey. (Int -2)
Your muscles are strong. (Str +4, Int/Dex -1)


Message History

You now have 179 gold pieces (gained 8).
Found a stone staircase leading up.
Natasha, Servant of Life and Death comes into view.
She is carrying a wand of roots (5).
Natasha is nearby!
Natasha hisses angrily.
Natasha zaps a wand.
The roots erupt in riotous growth!
The grasping roots grab you! The grasping roots constrict you.
The roots grasp on you weakens, but your attempt to escape fails.
The grasping roots constrict you!
You hit Natasha. You freeze Natasha.
Natasha is moderately wounded.
Natasha stares at you and mumbles some strange words.
The magic dart hits you! The grasping roots constrict you.
Natasha closely misses you. The grasping roots constrict you.
* * * LOW HITPOINT WARNING * * *
The grasping roots release their grip on you.
You hit Natasha. You freeze Natasha. You tail-slap Natasha.
Natasha is severely wounded.
Natasha casts a spell.
You closely miss Natasha.
Natasha is severely wounded.
Natasha casts a spell at you.
You feel yourself slow down. The cerulean imp barely misses you.
You barely miss Natasha.
Natasha is severely wounded.
Natasha casts a spell.
The cerulean imp hits you with a +0 spear.
* * * LOW HITPOINT WARNING * * *
Unknown command.
You miss Natasha.
Natasha is severely wounded.
Natasha claws you.
* * * LOW HITPOINT WARNING * * *
The cerulean imp barely misses you.
The cerulean imp hits you with a +2 spear.
* * * LOW HITPOINT WARNING * * *
Natasha claws you.
You die...
Your body crumbles into a pile of gold.

####.# #.# #### #....# #.#
...# #.#..# #.# .#.#
#...######.#
.#.#############.>.......#
....................####.##
##.#############....# #..#
#...# #5#### ##.# #...#
###@.#######.# ##...####
#.h5.........#
........######.##'#######.#
...............#........#.#
.....>..#####..#........#.#
##...#### #..#........#.#
#...# #..#........#.# #...#
#..#........#.# #####
#..#........#.#


You could see Natasha and 2 cerulean imps.

Vanquished Creatures
  Jessica (D:2)
  Natasha (twice) (D:2)
  Robin (D:2)
  2 adders (D:2)
  A dart slug (D:1)
  6 ball pythons
  3 endoplasms
  11 goblins
  6 hobgoblins
  A quokka (D:1)
  A bat (D:2)
  2 kobolds
  4 rats
41 creatures vanquished.

Notes
Turn   | Place    | Note
-------+----------+-------------------------------------------
     0 | D:1      | pkoi the Draconian Artificer began the quest for the Orb.
     0 | D:1      | Reached XP level 1. HP: 16/16 MP: 1/1
   207 | D:1      | Reached skill level 1 in Unarmed Combat
   444 | D:1      | Reached XP level 2. HP: 23/23 MP: 2/2
  1025 | D:2      | Noticed Natasha
  1033 | D:2      | Gained mutation: You are dopey. (Int -2) [potion of
                  | mutation]
  1033 | D:2      | Gained mutation: Your muscles are strong. (Str +4, Int/Dex
                  | -1) [potion of mutation]
  1038 | D:2      | Killed Natasha
  1039 | D:2      | Reached XP level 3. HP: 11/28 MP: 3/3
  1335 | D:2      | Noticed Jessica
  1366 | D:2      | Killed Jessica
  1367 | D:2      | Reached XP level 4. HP: 35/35 MP: 4/4
  1398 | D:2      | Found an opulent altar of Gozag.
  1406 | D:2      | Became a worshipper of Gozag Ym Sagoz the Greedy
  1480 | D:2      | Noticed Robin
  1529 | D:2      | Noticed Natasha
  1534 | D:2      | Killed Natasha
  1535 | D:2      | Reached skill level 4 in Evocations
  1949 | D:2      | Killed Robin
  1950 | D:2      | Reached XP level 5. HP: 37/40 MP: 5/5
  2108 | D:2      | Noticed Natasha
  2124 | D:2      | Slain by Natasha

Illustrated notes

Levels and vault maps discovered:
D:1:      sevenhm_arrival_forest_fort_large_4, layout_loops_corners
D:2:      layout_loops_ring, basic_altar, minivault_25, uniq_jessica,
          uniq_robin, uniq_natasha

Skill      XL: |  1  2  3  4 |
---------------+-------------+-----
Unarmed Combat | 1 2 3 |  3.8
Evocations     | 4 |  4.1
Fighting       | |  1.1
Dodging        | |  2.1
Stealth        | |  0.8

Action                     |  1- 3 |  4- 6 || total
---------------------------+-------+-------++-------
  Melee: Whip              |    90 |    54 ||   144
         Unarmed           |     6 |       ||     6
         Tailslap          |    10 |     7 ||    17
         Punch             |     1 |     4 ||     5
  Evoke: Wand              |       |     1 ||     1
    Use: Potion            |     3 |       ||     3
         Scroll            |     2 |     3 ||     5
   Stab: Sleeping          |     5 |     2 ||     7
 Armour: Skin              |    31 |    19 ||    50
  Dodge: Dodged            |    63 |    35 ||    98
